 Dungeon Crawl Stone Soup version 0.17-a0-1746-g6987275 (webtiles) character file.

704 Grim the Cleaver (level 7, -13/57 HPs)
             Began as a Minotaur Fighter on Sept 1, 2015.
             Mangled by an ogre
             ... wielding a +0 giant spiked club
              (24 damage)
             ... on level 3 of the Dungeon.
             The game lasted 00:09:34 (4386 turns).

Grim the Cleaver (Minotaur Fighter)                 Turns: 4386, Time: 00:09:34

Health: -13/57     AC:  6    Str: 20    XL:     7   Next: 39%
Magic:  0/6        EV:  9    Int:  5    God:
Gold:   109        SH:  0    Dex: 12    Spells: 0 memorised, 6 levels left

rFire  . . .     SeeInvis .     a - +0 war axe
rCold  . . .     Clarity  .     b - +0 scale mail
rNeg   . . .     SustAt   .     (no shield)
rPois  .         Gourm    .     (helmet restricted)
rElec  .         Spirit   +     (no cloak)
rCorr  .         Warding  .     (no gloves)
rMut   .         Stasis   .     (no boots)
MR     .....                    t - amulet of guardian spirit
Stlth  ..........               (no ring)
                                (no ring)

@: not resistant to hostile enchantments, extremely unstealthy
A: retaliatory headbutt, horns 2
a: no special abilities


You were on level 3 of the Dungeon.
You were hungry.

You visited 1 branch of the dungeon, and saw 3 of its levels.

You collected 109 gold pieces.

Inventory:

Hand weapons
 a - a +0 war axe (weapon)
Armour
 b - a +0 scale mail (worn)
Jewellery
 f - an uncursed amulet of rage
 t - an amulet of guardian spirit (around neck)
Scrolls
 g - 2 scrolls of fog {unknown}
 h - a scroll of remove curse {unknown}
 l - 2 scrolls of identify {unknown}
 m - a scroll of enchant weapon {unknown}
 q - a scroll of magic mapping {unknown}
 s - 2 scrolls of enchant armour {unknown}
Potions
 c - a potion of cure mutation {unknown}
 e - a potion of cancellation {unknown}
 i - a potion of heal wounds
 k - a potion of curing {unknown}
 n - a potion of lignification {unknown}
 r - 3 potions of flight {unknown}
Books
 o - a book of Alchemy

   Spells                             Type                      Level
   a - Sublimation of Blood           Necromancy                   2
   b - Ignite Poison                  Fire/Transmutation/Poison    3
   c - Alistair's Intoxication        Transmutation/Poison         4
   d - Condensation Shield            Ice                          4
   e - Petrify                        Transmutation/Earth          4
   f - Irradiate                      Conjuration/Transmutation    5
 p - an Akashic Record

   Spells                             Type                      Level
   a - Dispersal                      Translocation                6
   b - Controlled Blink               Translocation                7
   c - Malign Gateway                 Summoning/Translocation      7
   d - Disjunction                    Translocation                8
Comestibles
 j - 10 fruits


   Skills:
 - Level 3.6 Fighting
 + Level 10.0 Axes
 - Level 3.6 Armour
   Level 3.6 Shields


You had 6 spell levels left.
You didn't know any spells.

Dungeon Overview and Level Annotations

Branches:
Dungeon (3/15)

Altars:
Fedhas


Innate Abilities, Weirdness & Mutations

You reflexively headbutt those who attack you in melee.
You have a pair of horns on your head.


Message History

* * * LOW HITPOINT WARNING * * *
You hit the ogre. Your headbutt misses the ogre.
The ogre is moderately wounded.
You slash the ogre!
The ogre is severely wounded.
The ogre hits you with a giant spiked club!
* * * LOW HITPOINT WARNING * * *
You are too injured to fight recklessly!
Things that are here:
a long sword of holy wrath; a spear; a gnoll corpse You see here a spear.
You barely miss the ogre.
The ogre is severely wounded.
The ogre closely misses you.
You hit the ogre.
The ogre is severely wounded.
You hit the ogre.
The ogre is severely wounded.
The ogre hits you with a giant spiked club!!
You die...

#################################
...........P.....................
.............P................P÷.
≈≈≈≈≈≈≈≈≈≈≈≈≈≈≈≈≈≈≈≈≈≈≈≈≈≈≈≈≈≈≈≈≈
≈≈≈≈≈≈≈≈≈≈≈≈≈≈≈≈≈≈≈≈≈≈≈≈≈≈≈≈≈≈≈≈≈
≈#####≈≈≈≈≈≈≈≈≈≈≈≈≈≈≈≈≈≈≈≈≈≈≈≈≈≈≈
≈#...#...........................
≈#...############################
≈###'#....'..))O@..#
≈≈.#.#....###)######
≈≈.#.#....#.#.....g.
≈≈.#.###'##.#.......
≈≈.#.....g#.#..g....
≈≈.#......'.'....g..
≈≈.#†##########################
≈≈.#.#...........#....#........
≈≈.#.'..........)'....').......


You could see an ogre.

Vanquished Creatures
  An orc priest (D:3)
  Jessica (D:3)
  2 gnoll shamans (D:3)
  Natasha (thrice) (D:3)
  2 orc wizards (D:3)
  34 gnolls
  7 adders
  An adder zombie (D:3)
  4 worms
  6 orcs (D:3)
  5 bats
  6 giant cockroaches
  6 hobgoblins
  25 jackals
  10 kobolds
  2 quokkas
  5 giant geckos
  4 giant newts
  5 goblins
  8 rats
137 creatures vanquished.

Vanquished Creatures (others)
  A kobold (D:2)
  A rat (D:2)
2 creatures vanquished.

Grand Total: 139 creatures vanquished

Notes
Turn   | Place    | Note
--------------------------------------------------------------
     0 | D:1      | Grim the Minotaur Fighter began the quest for the Orb.
     0 | D:1      | Reached XP level 1. HP: 19/19 MP: 0/0
   201 | D:1      | Reached XP level 2. HP: 24/26 MP: 1/1
   538 | D:2      | Reached skill level 4 in Axes
   611 | D:2      | Reached XP level 3. HP: 26/31 MP: 2/2
   902 | D:2      | Reached skill level 5 in Axes
  1129 | D:2      | Reached XP level 4. HP: 21/39 MP: 3/3
  1391 | D:2      | Found a blossoming altar of Fedhas.
  1745 | D:3      | Noticed Jessica
  1749 | D:3      | Killed Jessica
  1803 | D:3      | Noticed Natasha
  1806 | D:3      | Killed Natasha
  1806 | D:3      | Reached skill level 6 in Axes
  1806 | D:3      | Reached XP level 5. HP: 45/45 MP: 4/4
  1851 | D:3      | Noticed Natasha
  1857 | D:3      | Killed Natasha
  2147 | D:3      | Noticed Natasha
  2153 | D:3      | Killed Natasha
  2227 | D:3      | Reached skill level 7 in Axes
  2517 | D:2      | Reached XP level 6. HP: 21/51 MP: 3/5
  2984 | D:3      | Reached skill level 8 in Axes
  3948 | D:3      | Reached skill level 9 in Axes
  4018 | D:3      | Reached XP level 7. HP: 40/57 MP: 6/6
  4338 | D:3      | Noticed an ogre
  4375 | D:3      | Reached skill level 10 in Axes
  4386 | D:3      | Mangled by an ogre

Vault maps used:
D:1:      lemuel_arrival_behind_the_door_small, serial_bayou_pond_b
D:2:      fedhas_altar_2, lemuel_flame_loot_1
D:3:      lemuel_castle_with_subvaults, uniq_natasha, uniq_jessica

Action                   |  1- 3 |  4- 6 |  7- 9 || total
-------------------------+-------+-------+-------++-------
Melee: War axe           |    80 |   187 |    58 ||   325
  Use: Potion            |       |     1 |     1 ||     2
  Eat: Bread ration      |       |     1 |       ||     1
       Chunk             |       |     6 |       ||     6
